 Dungeon Crawl Stone Soup version 0.21-a0-584-g185da8e (console) character file.

55 Mandevil the Ruffian (level 3, -4/29 HPs)
             Began as a Draconian Transmuter on Dec 21, 2017.
             Shot with an arrow by a centaur (5 damage)
             ... on level 2 of the Dungeon.
             The game lasted 00:05:58 (1433 turns).

Mandevil the Ruffian (Draconian Transmuter)         Turns: 1433, Time: 00:05:58

Health: -4/29      AC:  5    Str: 15    XL:     3   Next: 67%
Magic:  6/6        EV: 12    Int: 13    God:
Gold:   63         SH:  0    Dex: 13    Spells: 0/6 levels left

rFire    + . .     SeeInvis .     - Unarmed
rCold    + . .     Gourm    .   (no shield)
rNeg     . . .     Faith    .   (armour unavailable)
rPois    +         Spirit   .   (helmet restricted)
rElec    +         Reflect  .   (no cloak)
rCorr    +         Harm     .   (no gloves)
MR       .....                  (no boots)
Stlth    +.........             (no amulet)
HPRegen  0.49/turn              (no ring)
MPRegen  0.10/turn              (no ring)

@: resistant
A: unfitting armour, talons 1, agile 1, regeneration 1, strong 1, cold-blooded,
AC +5
a: no special abilities


You were on level 2 of the Dungeon.
You were not hungry.

You visited 1 branch of the dungeon, and saw 2 of its levels.

You collected 63 gold pieces.

Inventory:

Missiles
 a - 36 arrows
 d - 27 bolts
 s - 82 stones (quivered)
Jewellery
 i - an uncursed ring of fire
Wands
 k - a wand of iceblast (6)
Scrolls
 e - a scroll of teleportation {unknown}
 j - a scroll of amnesia {unknown}
 o - a scroll of remove curse {unknown}
Potions
 h - a potion of flight {unknown}
 m - 2 potions of resistance
Books
 b - a book of Changes

   Spells                             Type                      Level
   a - Beastly Appendage              Transmutation                1
   b - Sticks to Snakes               Transmutation                2
   c - Spider Form                    Transmutation/Poison         3
   d - Ice Form                       Ice/Transmutation            4
   e - Blade Hands                    Transmutation                5
 l - a book of Maledictions

   Spells                             Type                      Level
   a - Corona                         Hexes                        1
   b - Ensorcelled Hibernation        Hexes/Ice                    2
   c - Confuse                        Hexes                        3
   d - Tukima's Dance                 Hexes                        3
   e - Dazzling Spray                 Conjuration/Hexes            3
Comestibles
 c - 6 rations
 f - 2 chunks of flesh


   Skills:
 + Level 1.9 Fighting
 + Level 2.2 Dodging
 + Level 3.4 Unarmed Combat
 - Level 2.3 Spellcasting
 + Level 2.6 Transmutations


You couldn't memorise any spells.
You knew the following spells:

 Your Spells              Type           Power        Failure   Level  Hunger
a - Beastly Appendage     Tmut           #.....       9%          1    #......
b - Sticks to Snakes      Tmut           #.......     13%         2    ###....
c - Spider Form           Tmut/Pois      #.........   41%         3    ###....


Dungeon Overview and Level Annotations

Branches:
Dungeon (2/15)

Altars:


Innate Abilities, Weirdness & Mutations

Your plain brown scales are hard. (AC +5)
You cannot fit into any form of body armour.
You are cold-blooded and may be slowed by cold attacks.
You have sharp toenails.
You are agile. (Dex +2)
Your natural rate of healing is unusually fast.
Your muscles are strong. (Str +2)


Message History

Okay, then.
Unknown command.
A centaur comes into view.
The centaur wields a shortbow.
The centaur shoots an arrow.
The arrow hits you!
You see here an arrow.
Okay, then.
Unknown command.
It was a potion of cancellation.
You feel magically purged.
It was a potion of curing.
You feel better.
The centaur shoots an arrow.
The arrow hits you but does no damage.
It was a potion of resistance.
You feel protected.
The centaur shoots an arrow.
The arrow hits you!
The centaur shoots an arrow.
The arrow hits you!
* * * LOW HITPOINT WARNING * * *
It was a potion of mutation.
You feel extremely strange.
Your toenails lengthen and sharpen.
You begin to heal more quickly.
You feel stronger.
You feel agile.
The centaur shoots an arrow.
The arrow hits you.
You die...

#### ....### .......
....... ....... #####
....... #.>..
##....(#############.###
..c....d................
####################.#..
#.#.# #.#.. #.###
#######.## #........#
#........# #........#


You could see a centaur.

Vanquished Creatures
  An adder (D:2)
  2 oozes
  2 leopard geckos (D:1)
  2 ball pythons
  A bat (D:1)
  A goblin (D:1)
  7 hobgoblins (D:1)
  2 jackals (D:1)
  A quokka (D:2)
  5 frilled lizards
  8 kobolds
  5 rats
37 creatures vanquished.

Notes
Turn   | Place    | Note
-------+----------+-------------------------------------------
     0 | D:1      | Mandevil the Draconian Transmuter began the quest for the Orb.
     0 | D:1      | Reached XP level 1. HP: 16/16 MP: 3/3
   403 | D:1      | Reached XP level 2. HP: 20/23 MP: 3/5
   850 | D:1      | Reached XP level 3. HP: 26/29 MP: 6/6
   925 | D:1      | Learned a level 2 spell: Sticks to Snakes
   929 | D:1      | Learned a level 3 spell: Spider Form
  1429 | D:2      | Noticed a centaur
  1432 | D:2      | HP: 1/29 [centaur/arrow (12)]
  1433 | D:2      | Gained mutation: You have sharp toenails. [potion of mutation]
  1433 | D:2      | Gained mutation: Your natural rate of healing is unusually fast. [potion of mutation]
  1433 | D:2      | Gained mutation: Your muscles are strong. (Str +2) [potion of mutation]
  1433 | D:2      | Gained mutation: You are agile. (Dex +2) [potion of mutation]
  1433 | D:2      | Shot with an arrow by a centaur

Vault maps used:
D:1:      minmay_arrival_open_corners
D:2:      uniq_crazy_yiuf_cottage

Skill      XL: |  1  2 |
---------------+-------+-----
Dodging        | 2 |  2.2
Fighting       | |  1.9
Unarmed Combat | |  3.4
Spellcasting   | |  2.3
Transmutations | |  2.6

Action                   || total
-------------------------++-------
Melee: Unarmed           ||   146
       Tailslap          ||    10
       Headbutt          ||     9
       Kick              ||     3
Throw: Stone             ||    34
 Cast: Beastly Appendage ||    15
  Use: Potion            ||     4
  Eat: Chunk             ||     2
Armor: Skin              ||    37
Dodge: Dodged            ||    84

Table legend:
 A = Spawn XP
 B = Non-spawn XP
 C = Spawn XP percentage of total XP
 D = Spawn monster count
 E = Non-spawn monster count
 F = Spawn count percentage of total count
 G = Total turns spent on level
                    A         B        C        D         E        F      G
               +---------+---------+-------+---------+---------+-------+---------
         Total |       0 |      79 |   0.0 |       0 |      37 |   0.0 |  1433
               +---------+---------+-------+---------+---------+-------+---------
           D:1 |       0 |      50 |   0.0 |       0 |      28 |   0.0 |  1073
           D:2 |       0 |      29 |   0.0 |       0 |       9 |   0.0 |   360
               +---------+---------+-------+---------+---------+-------+---------
